[Event "Titled Tuesday Blitz May 16 Early 2023"]
[White "Domingo Nunez, Alejandro"]
[Black "Begunov, Konstantin"]
[WhiteFideId "22245561"]
[BlackFideId "4118510"]
[WhiteElo "2291"]
[BlackElo "2050"]
[Result "1-0"]
[Round "07"]
[TimeControl "180+2"]
[Date "2023.05.16"]
[WhiteClock "0:00:48"]
[BlackClock "0:00:00"]

1. Nf3 d5 2. g3 c6 3. Bg2 Bf5 4. O-O Nd7 5. d3 e5 6. Nbd2 Ngf6 7. e4 dxe4 8. Nh4 Bg4 9. Qe1 exd3 10. cxd3 Be7 11. Nc4 Qc7 12. f4 Be6 13. fxe5 Nd5 14. Nf5 Bxf5 15. Rxf5 Bc5+ 16. Kh1 O-O 17. Qe4 b5 18. Ne3 Ne7 19. d4 Nxf5 20. Nxf5 Bb6 21. Bh6 g6 22. Nd6 c5 23. Rf1 cxd4 24. Qd5 Qc5 25. Qb3 d3 26. Nxf7 Qc4 27. Bd5 Qxb3 28. axb3 d2 29. Bxd2 Kg7 30. Bh6+ Kg8 31. Nd8+ Kh8 32. Rxf8+ Nxf8 33. Bxa8 Bxd8 34. Bxf8 Bc7 35. Bd6 Kg8 36. Bd5+ Kg7 37. Bxc7 1-0


[Site "https://www.chess.com"]

[Event "Titled Tuesday Blitz May 16 Early 2023"]
[White "Jaskolka, Tomasz"]
[Black "Devaev, Alexander"]
[WhiteFideId "1170791"]
[BlackFideId "4169395"]
[WhiteElo "2155"]
[BlackElo "2172"]
[Result "0-1"]
[Round "07"]
[TimeControl "180+2"]
[Date "2023.05.16"]
[WhiteClock "0:01:15"]
[BlackClock "0:01:19"]

1. d4 Nf6 2. Nc3 d5 3. Bf4 a6 4. Nf3 c5 5. e3 cxd4 6. exd4 Nc6 7. Bd3 Bg4 8. Be2 Bxf3 9. Bxf3 e6 10. O-O Qb6 11. Be3 Qxb2 12. Qd2 Qb6 13. Rab1 Qc7 14. Bf4 Bd6 15. Bxd6 Qxd6 16. Rxb7 O-O 17. Rfb1 Na5 18. Nxd5 Nxb7 19. Nxf6+ gxf6 20. Bxb7 Rab8 21. c4 Qc7 22. Be4 Rxb1+ 23. Bxb1 Qxc4 24. h4 Rc8 25. Qd3 Qxd3 26. Bxd3 a5 27. f3 Rd8 28. Kf2 Rxd4 0-1


[Site "https://www.chess.com"]

[Event "Titled Tuesday Blitz May 16 Early 2023"]
[White "Potkin, Vladimir"]
[Black "liwadas82"]
[WhiteFideId "4131061"]
[WhiteElo "2474"]
[BlackElo "2457"]
[Result "1-0"]
[Round "07"]
[TimeControl "180+2"]
[Date "2023.05.16"]
[WhiteClock "0:00:32"]
[BlackClock "0:00:06"]

1. Nf3 Nf6 2. c4 e6 3. Nc3 Bb4 4. a3 Bxc3 5. dxc3 b6 6. Nd2 Bb7 7. f3 Nh5 8. g3 f5 9. e4 O-O 10. Bd3 f4 11. Nf1 e5 12. g4 Qh4+ 13. Kd2 Ng3 14. Nxg3 fxg3 15. hxg3 Qxg3 16. Be2 Na6 17. b4 c6 18. Kc2 d5 19. cxd5 cxd5 20. exd5 Rad8 21. Bg5 Rxd5 22. Bc4 Nc7 23. Qd3 h6 24. Bxh6 Rxf3 25. Qg6 Rxc3+ 26. Kb2 Qf2+ 27. Kxc3 Qd4+ 28. Kb3 Qxc4+ 29. Kxc4 Ba6+ 30. Kb3 Rd3+ 31. Kc2 Rd7 32. Rad1 Nd5 33. Rxd5 Rxd5 34. Qxg7# 1-0


[Site "https://www.chess.com"]

[Event "Titled Tuesday Blitz May 16 Early 2023"]
[White "Al-Tarboush, Ward"]
[Black "Srebrnic, Marko"]
[WhiteFideId "7601450"]
[BlackFideId "14603616"]
[WhiteElo "2265"]
[BlackElo "2341"]
[Result "1-0"]
[Round "07"]
[TimeControl "180+2"]
[Date "2023.05.16"]
[WhiteClock "0:00:07"]
[BlackClock "0:00:01"]

1. Nc3 c5 2. e4 Nc6 3. Nf3 e5 4. Bc4 Be7 5. O-O Nf6 6. Re1 O-O 7. Nd5 d6 8. c3 Bg4 9. h3 Be6 10. d4 cxd4 11. cxd4 exd4 12. Nxd4 Nxd4 13. Qxd4 Nxd5 14. Bxd5 Bf6 15. Qd3 Bxd5 16. Qxd5 Qb6 17. Be3 Qxb2 18. Rab1 Qe5 19. Rxb7 Qxd5 20. exd5 a6 21. Rc1 g6 22. Rc6 Rfd8 23. Bf4 Be5 24. Bg5 f6 25. Bh6 f5 26. Rcc7 Rab8 27. Rxh7 Rxb7 28. Rxb7 Rc8 29. g3 Rc5 30. Ra7 Ra5 31. Bf4 Bd4 32. Ra8+ Kf7 33. Bxd6 Rxa2 34. Rf8+ Kg7 35. Re8 Bxf2+ 36. Kh1 Rd2 37. Rd8 a5 38. Be5+ Kf7 39. d6 a4 40. Ra8 Ke6 41. Re8+ Kf7 42. Re7+ Kf8 43. Bg7+ Kg8 44. Be5 a3 45. d7 Bb6 46. Rg7+ Kf8 47. Rxg6 Bd8 48. Rd6 Rxd6 49. Bxd6+ Be7 50. d8=Q+ 1-0


[Site "https://www.chess.com"]

[Event "Titled Tuesday Blitz May 16 Early 2023"]
[White "Zavortink, Matt"]
[Black "Thecourseoisildur"]
[WhiteFideId "2034263"]
[WhiteElo "2451"]
[BlackElo "2558"]
[Result "1/2-1/2"]
[Round "07"]
[TimeControl "180+2"]
[Date "2023.05.16"]
[WhiteClock "0:00:15"]
[BlackClock "0:00:01"]

1. Nf3 Nf6 2. g3 c5 3. Bg2 Nc6 4. O-O e5 5. e4 d6 6. Nc3 Be7 7. d3 O-O 8. Nd2 Be6 9. Nc4 Nd4 10. Bg5 b5 11. Ne3 b4 12. Bxf6 Bxf6 13. Ncd5 a5 14. c3 Nc6 15. Qd2 Bg5 16. f4 Bh6 17. Qf2 f6 18. Bf3 Ne7 19. Nxe7+ Qxe7 20. Bg4 g6 21. Bxe6+ Qxe6 22. Nd5 Rf7 23. f5 gxf5 24. Qxf5 Qxf5 25. Rxf5 Bg7 26. c4 h6 27. Raf1 Raf8 28. g4 Bh8 29. Kg2 Bg7 30. Kg3 Bh8 31. h3 Bg7 32. Rh5 Kh7 33. Rhf5 Kg8 34. R5f3 Bh8 35. Ne3 Bg7 36. Nf5 Rd7 37. Ne3 a4 38. Rf5 Kh7 39. Rh5 Kg8 40. h4 Kh7 41. Rhf5 Kg6 42. Nd5 Rdf7 43. Nb6 Ra7 44. Nd5 Raf7 45. Ne3 Kh7 46. R5f3 Kg6 47. Rf5 Kh7 48. g5 hxg5 49. hxg5 Kg6 50. gxf6 Bxf6 51. Nd5 Bg5 52. Rxf7 Rxf7 53. Rxf7 Kxf7 54. b3 a3 55. Kg4 Kg6 56. Nb6 Be7 57. Nd5 Bf8 58. Ne3 Be7 59. Nf5 Bf8 60. Nh4+ Kf6 61. Kh5 Be7 62. Nf5 Bf8 63. Nh4 Bg7 64. Nf5 Bf8 65. Ng3 Bg7 66. Kg4 Kg6 67. Nh5 Bf8 68. Ng3 Bg7 69. Nf1 Bh6 70. Ng3 Bg7 1/2-1/2


[Site "https://www.chess.com"]

[Event "Titled Tuesday Blitz May 16 Early 2023"]
[White "Bruedigam, Martin"]
[Black "Avazkhonov, Alikhon"]
[WhiteFideId "24608033"]
[BlackFideId "14208504"]
[WhiteElo "2331"]
[BlackElo "1739"]
[Result "1-0"]
[Round "07"]
[TimeControl "180+2"]
[Date "2023.05.16"]
[WhiteClock "0:00:08"]
[BlackClock "0:00:00"]

1. d4 Nf6 2. c4 e6 3. Nc3 Bb4 4. Bd2 b6 5. Nf3 Bb7 6. e3 O-O 7. Bd3 d6 8. O-O Nbd7 9. Qc2 Qe7 10. Ng5 h6 11. Nh7 Nxh7 12. Bxh7+ Kh8 13. Be4 Bxe4 14. Qxe4 f5 15. Qc6 Bxc3 16. Bxc3 Nf6 17. f3 Qd7 18. Qxd7 Nxd7 19. b4 c5 20. dxc5 dxc5 21. b5 Rfd8 22. Kf2 Kg8 23. Ke2 Kf7 24. a4 e5 25. a5 Ke6 26. e4 g6 27. a6 fxe4 28. fxe4 Nf6 29. Bd2 Nxe4 30. Bxh6 g5 31. Ke3 Nd2 32. Rfe1 Nxc4+ 33. Kf3 Kf5 34. h4 g4+ 35. Kf2 Rd3 36. Kg1 Rad8 37. Bg5 R8d4 38. Rf1+ Ke6 39. h5 Rd7 40. Rf6+ Kd5 41. h6 Nd6 42. Rg6 Nf5 43. Rf1 Ng3 44. Rg7 Rd8 45. Re1 Rh8 46. h7 Ne4 47. Be7 Nd6 48. Bxd6 Kxd6 49. Rf1 Re3 50. Rff7 g3 51. Rd7+ Ke6 52. Rde7+ Kf5 53. Ref7+ Ke6 54. Kf1 1-0


[Site "https://www.chess.com"]

[Event "Titled Tuesday Blitz May 16 Early 2023"]
[White "Kleiman, Jake"]
[Black "merinasian"]
[WhiteFideId "2020041"]
[WhiteElo "2553"]
[BlackElo "2446"]
[Result "0-1"]
[Round "07"]
[TimeControl "180+2"]
[Date "2023.05.16"]
[WhiteClock "0:00:03"]
[BlackClock "0:00:22"]

1. e4 c5 2. Nf3 Nc6 3. c3 d5 4. exd5 Qxd5 5. d4 Bg4 6. dxc5 Qxd1+ 7. Kxd1 e5 8. Be3 O-O-O+ 9. Kc1 f5 10. b4 e4 11. Nd4 f4 12. Bxf4 Nxd4 13. cxd4 Rxd4 14. Bd2 Nf6 15. Na3 Be7 16. Nc2 Rd7 17. Bb5 Rdd8 18. Ne3 Bh5 19. Bc3 a6 20. Bc4 Rhf8 21. Kb2 Nd7 22. Rhf1 Bf6 23. Rae1 Ne5 24. Kb3 Nxc4 25. Kxc4 Bxc3 26. Kxc3 Rd3+ 27. Kc2 Rfd8 28. g4 Rd2+ 29. Kc1 Bf7 30. a3 Ra2 31. Rd1 Rxa3 32. Rxd8+ Kxd8 33. Rd1+ Kc7 34. Rd4 Bg6 35. Nc4 Rf3 36. Nb6 Rxf2 37. Rd7+ Kc6 38. Rxg7 e3 39. Re7 e2 40. Kd2 Rxh2 41. Rxe2 Rxe2+ 42. Kxe2 Kb5 43. Nd5 Kc4 44. Ne7 Kxb4 45. c6 bxc6 46. Nxc6+ Kb5 47. Nd4+ Kc4 48. Nf3 a5 49. Kd2 Kb3 50. Nd4+ Kb2 51. Nb5 a4 52. Nc3 a3 53. Nd1+ Kb3 54. Nc3 a2 55. Nxa2 Kxa2 0-1


[Site "https://www.chess.com"]

[Event "Titled Tuesday Blitz May 16 Early 2023"]
[White "Jakic, Ivan"]
[Black "Fiorito, Joaquin"]
[WhiteFideId "14504901"]
[BlackFideId "180173"]
[WhiteElo "2370"]
[BlackElo "2157"]
[Result "0-1"]
[Round "07"]
[TimeControl "180+2"]
[Date "2023.05.16"]
[WhiteClock "0:00:39"]
[BlackClock "0:01:40"]

1. e4 c6 2. d4 d5 3. f3 e6 4. Nc3 Bb4 5. Bf4 dxe4 6. fxe4 Nf6 7. Qd3 b6 8. Nf3 O-O 9. Qe3 c5 10. dxc5 Bxc5 11. Qd3 Qxd3 12. Bxd3 Nc6 13. O-O-O Bb7 14. h3 Nb4 15. Rhe1 Rac8 16. Kb1 Rfd8 17. a3 Nxd3 18. cxd3 Bxa3 19. Nb5 Bb4 20. Nxa7 Ra8 21. Bc7 Rd7 22. Bxb6 Bxe1 23. Rxe1 Ba6 24. Ne5 Rdxa7 25. Bxa7 Rxa7 26. Rc1 g6 27. g4 h6 28. h4 Nd7 29. Nc6 Bxd3+ 0-1


[Site "https://www.chess.com"]

[Event "Titled Tuesday Blitz May 16 Early 2023"]
[White "Melikyan, Gnel"]
[Black "Kielinkei"]
[WhiteFideId "54109990"]
[WhiteElo "2138"]
[BlackElo "2438"]
[Result "1-0"]
[Round "07"]
[TimeControl "180+2"]
[Date "2023.05.16"]
[WhiteClock "0:00:46"]
[BlackClock "0:00:28"]

1. c4 Nf6 2. Nc3 e6 3. Nf3 c5 4. g3 Nc6 5. Bg2 Be7 6. O-O O-O 7. d4 cxd4 8. Nxd4 a6 9. b3 Qc7 10. Bb2 b6 11. Rc1 Bb7 12. Nd5 Qd8 13. Nxc6 Bxc6 14. Nxe7+ Qxe7 15. Qd4 Bxg2 16. Kxg2 b5 17. Rfd1 bxc4 18. Rxc4 d5 19. Rc2 Rfc8 20. Rdc1 Qd7 21. Qb6 h6 22. Rc7 Rxc7 23. Rxc7 Qe8 24. Bxf6 gxf6 25. Qb7 Rb8 26. Qxa6 Ra8 27. Qb7 Rxa2 28. Rc8 1-0


[Site "https://www.chess.com"]

[Event "Titled Tuesday Blitz May 16 Early 2023"]
[White "Omelja, Artem"]
[Black "LangesNasenhaar"]
[WhiteFideId "14119846"]
[WhiteElo "2404"]
[BlackElo "2436"]
[Result "1-0"]
[Round "07"]
[TimeControl "180+2"]
[Date "2023.05.16"]
[WhiteClock "0:02:04"]
[BlackClock "0:00:07"]

1. e4 d6 2. d4 Nf6 3. Nc3 Nbd7 4. Be3 e5 5. f3 c6 6. Nge2 b5 7. a3 a5 8. Qd2 Rb8 9. g4 b4 10. axb4 axb4 11. Nd1 exd4 12. Nxd4 Ne5 13. Bg2 Bb7 14. b3 c5 15. Nf5 g6 16. Ng3 Be7 17. O-O h5 18. g5 Nfd7 19. h4 O-O 20. Nf2 f6 21. f4 Ng4 22. Nxg4 hxg4 23. Qe2 f5 24. h5 d5 25. hxg6 dxe4 26. Nxf5 Rxf5 27. Qxg4 Qf8 28. Bh3 Rd5 29. Qe6+ Kg7 30. Rad1 Rxd1 31. Rxd1 Rd8 32. Rxd7 Rxd7 33. Qxd7 Bc8 34. Qxc8 1-0


[Site "https://www.chess.com"]

[Event "Titled Tuesday Blitz May 16 Early 2023"]
[White "surrenderPLS"]
[Black "Koepke, Christian"]
[BlackFideId "4655737"]
[WhiteElo "2533"]
[BlackElo "2204"]
[Result "0-1"]
[Round "07"]
[TimeControl "180+2"]
[Date "2023.05.16"]
[WhiteClock "0:00:00"]
[BlackClock "0:00:08"]

1. e4 c5 2. Nf3 Nc6 3. d4 cxd4 4. Nxd4 e5 5. Nb5 a6 6. Nd6+ Bxd6 7. Qxd6 Qe7 8. Qd1 Nf6 9. Nc3 d6 10. Be2 h6 11. O-O O-O 12. Be3 Be6 13. Bf3 Rfc8 14. Qd2 b5 15. a4 b4 16. Nd5 Bxd5 17. exd5 Na5 18. b3 Rc3 19. Rac1 Nb7 20. Qe2 Rac8 21. Qxa6 e4 22. Be2 Nxd5 23. Bd4 Rxc2 24. Rxc2 Rxc2 25. Bc4 Nf4 26. a5 d5 27. Qa8+ Kh7 28. a6 Nd6 29. a7 dxc4 30. Qb8 Ra2 31. bxc4 Ne2+ 32. Kh1 Nxd4 33. a8=Q Rxa8 34. Qxa8 Nxc4 35. Qd5 Nd2 36. Rd1 N4b3 37. Rxd2 Nxd2 38. Qxd2 Qc5 39. h3 Qc3 40. Qf4 Qf6 41. Qxe4+ g6 42. Qxb4 Qxf2 43. Qc4 h5 44. Kh2 Kg8 45. Qc8+ Kg7 46. Qc3+ Qf6 47. Qc1 Qe6 48. Qc3+ Kh7 49. Qf3 Qe7 50. Qf4 h4 51. Kg1 g5 52. Qf5+ Kg7 53. Kf1 Qf6 54. Qxf6+ Kxf6 55. Kf2 Ke5 56. Ke3 f6 57. Kf3 Kf5 58. Ke3 g4 59. Ke2 Kf4 60. Kf2 f5 61. Ke2 Kg3 62. Kf1 Kh2 63. hxg4 fxg4 64. Kf2 h3 65. gxh3 g3+ 66. Kf3 g2 67. h4 g1=Q 68. h5 Qg5 0-1


[Site "https://www.chess.com"]

[Event "Titled Tuesday Blitz May 16 Early 2023"]
[White "Rottenwohrer Suarez, Juan"]
[Black "Maxfan2008"]
[WhiteFideId "32068182"]
[WhiteElo "2174"]
[BlackElo "2530"]
[Result "0-1"]
[Round "07"]
[TimeControl "180+2"]
[Date "2023.05.16"]
[WhiteClock "0:00:00"]
[BlackClock "0:01:09"]

1. Nf3 d5 2. g3 Bg4 3. Bg2 Nd7 4. d4 e6 5. O-O Ngf6 6. c4 c6 7. h3 Bf5 8. Nc3 h6 9. Ne5 Bd6 10. f4 O-O 11. Be3 Bh7 12. Bf2 Ne4 13. Nxe4 Bxe4 14. Bxe4 dxe4 15. Qc2 f5 16. Rad1 Qc7 17. b3 Rad8 18. Kg2 Kh7 19. Be3 Nf6 20. g4 fxg4 21. hxg4 g6 22. g5 hxg5 23. fxg5 Bxe5 24. Qxe4 Nxe4 0-1


[Site "https://www.chess.com"]

[Event "Titled Tuesday Blitz May 16 Early 2023"]
[White "Pasti, Aron"]
[Black "Tologon tegin, Semetei"]
[WhiteFideId "785857"]
[BlackFideId "13800574"]
[WhiteElo "2173"]
[BlackElo "2247"]
[Result "1-0"]
[Round "07"]
[TimeControl "180+2"]
[Date "2023.05.16"]
[WhiteClock "0:00:15"]
[BlackClock "0:00:00"]

1. e4 c5 2. Nf3 d6 3. d4 cxd4 4. Nxd4 Nf6 5. Nc3 a6 6. h3 e6 7. g4 Nfd7 8. Bg2 Nc6 9. O-O Qc7 10. Re1 Be7 11. Nf5 exf5 12. exf5 O-O 13. Bxc6 Qxc6 14. Rxe7 Ne5 15. Qd5 Bd7 16. Bf4 Rfe8 17. Rxe8+ Rxe8 18. Bxe5 Rxe5 19. Qxc6 Bxc6 20. Rd1 d5 21. f4 Re3 22. Nxd5 Rxh3 23. Ne7+ Kf8 24. Nxc6 bxc6 25. Kg2 Rh4 26. Kg3 Rh6 27. g5 Rh5 28. Rd6 h6 29. Rxc6 hxg5 30. fxg5 Rxg5+ 31. Kf4 Rg2 32. Rxa6 Rxc2 33. b3 Rf2+ 34. Ke4 Re2+ 35. Kd4 Rf2 36. Ra5 Ke7 37. a4 Rf3 38. Rb5 Kd6 39. a5 Kc6 40. Rb6+ Kc7 41. Ke4 Rf1 42. b4 Rg1 43. b5 g5 44. fxg6 fxg6 45. Rc6+ Kb8 46. Kd5 Rg5+ 47. Kc4 Ka7 48. Rc7+ Kb8 49. Rg7 Ka8 50. a6 1-0


[Site "https://www.chess.com"]

[Event "Titled Tuesday Blitz May 16 Early 2023"]
[White "Bagwe Gaurang"]
[Black "Yosha_Iglesias"]
[WhiteFideId "45039895"]
[WhiteElo "1847"]
[BlackElo "2419"]
[Result "1-0"]
[Round "07"]
[TimeControl "180+2"]
[Date "2023.05.16"]
[WhiteClock "0:00:08"]
[BlackClock "0:00:00"]

1. e4 c5 2. Nf3 d6 3. d4 cxd4 4. Nxd4 Nf6 5. Nc3 g6 6. Be3 Nc6 7. f3 h5 8. Qd2 Nxd4 9. Bxd4 Bh6 10. Be3 Bxe3 11. Qxe3 Be6 12. O-O-O Qa5 13. Bb5+ Kf8 14. e5 dxe5 15. Qxe5 a6 16. Rd5 axb5 17. Re1 Bxd5 18. Nxd5 Kg7 19. Nxe7 Rhe8 20. Rd1 Qxa2 21. Rd6 Qa1+ 22. Kd2 Qa5+ 23. c3 Rad8 24. Qxf6+ Kh6 25. Nf5+ 1-0


[Site "https://www.chess.com"]

[Event "Titled Tuesday Blitz May 16 Early 2023"]
[White "Krsnik Cohar, Ivan Vihor"]
[Black "Gurevich, Dmitry"]
[WhiteFideId "14520044"]
[BlackFideId "2000407"]
[WhiteElo "2414"]
[BlackElo "2506"]
[Result "0-1"]
[Round "07"]
[TimeControl "180+2"]
[Date "2023.05.16"]
[WhiteClock "0:00:29"]
[BlackClock "0:01:04"]

1. e4 c5 2. Ne2 d6 3. g3 Nf6 4. Bg2 g6 5. c3 Bg7 6. d4 cxd4 7. cxd4 O-O 8. Nbc3 Nc6 9. h3 Bd7 10. Be3 a6 11. O-O b5 12. Rc1 Rc8 13. Qd2 e5 14. f4 exd4 15. Nxd4 Re8 16. Nxc6 Bxc6 17. Bd4 b4 18. Nd5 Nxe4 19. Bxe4 Rxe4 20. Bxg7 Kxg7 21. Rce1 Bxd5 22. Qxd5 Qb6+ 23. Kh1 Rxe1 24. Rxe1 Qf2 25. Rd1 Rc2 26. Qd4+ Qxd4 27. Rxd4 Rxb2 28. g4 a5 0-1


[Site "https://www.chess.com"]

[Event "Titled Tuesday Blitz May 16 Early 2023"]
[White "Senft, Sean"]
[Black "Gonzalez, Francisco Silva"]
[WhiteFideId "2044960"]
[BlackFideId "1512285"]
[WhiteElo "1989"]
[BlackElo "2074"]
[Result "1-0"]
[Round "07"]
[TimeControl "180+2"]
[Date "2023.05.16"]
[WhiteClock "0:00:18"]
[BlackClock "0:00:00"]

1. d4 Nf6 2. c4 e6 3. Nc3 Bb4 4. Nf3 b6 5. Bg5 Bb7 6. e3 h6 7. Bh4 g5 8. Bg3 Ne4 9. Qc2 Bxc3+ 10. bxc3 d6 11. Nd2 f5 12. f3 Nxg3 13. hxg3 Qf6 14. Bd3 Nd7 15. a4 a5 16. Rb1 O-O-O 17. Qb2 e5 18. Nb3 e4 19. fxe4 fxe4 20. Rf1 Qe6 21. Be2 Ba6 22. Nxa5 Rdf8 23. Rxf8+ Rxf8 24. Nc6 Bxc4 25. d5 Qf6 26. Bxc4 Nc5 27. Bb5 h5 28. a5 h4 29. axb6 cxb6 30. Qa2 hxg3 31. Qa8+ Kc7 32. Qa7+ Nb7 33. Be2 Qxc3+ 34. Kd1 Qc5 35. Rc1 Qxe3 36. Ne5+ Qxc1+ 37. Kxc1 dxe5 38. Ba6 Rb8 39. d6+ Kxd6 40. Bxb7 Rd8 41. Bxe4 Rc8+ 42. Kd2 Rc6 43. Bxc6 Kc5 44. Qg7 Kxc6 45. Qxe5 b5 46. Qxg5 b4 47. Qxg3 b3 48. Qxb3 Kc5 49. Qe3+ 1-0


[Site "https://www.chess.com"]

[Event "Titled Tuesday Blitz May 16 Early 2023"]
[White "Tarasova, Viktoriya"]
[Black "Dino_Ballecer"]
[WhiteFideId "4175840"]
[WhiteElo "2182"]
[BlackElo "2526"]
[Result "0-1"]
[Round "07"]
[TimeControl "180+2"]
[Date "2023.05.16"]
[WhiteClock "0:00:01"]
[BlackClock "0:00:03"]

1. d4 Nf6 2. c4 c5 3. d5 e6 4. Nc3 exd5 5. cxd5 d6 6. Nf3 g6 7. Bf4 Bg7 8. h3 O-O 9. e3 a6 10. a4 Re8 11. Nd2 Nh5 12. Bh2 Be5 13. Bxe5 Rxe5 14. Be2 Nf6 15. Nc4 Re8 16. O-O Qc7 17. Qc2 Nbd7 18. e4 Rb8 19. a5 b5 20. axb6 Nxb6 21. Na5 c4 22. Nc6 Ra8 23. f4 Bd7 24. Na5 Bb5 25. Bf3 Nfd7 26. Kh1 Nc5 27. e5 Nd3 28. e6 f5 29. g3 Qc5 30. Qg2 Ra7 31. Nxb5 axb5 32. Nc6 Rxa1 33. Rxa1 Nb4 34. Nxb4 Qxb4 35. Ra7 Qc5 36. Rb7 Ra8 37. Kh2 Ra2 38. e7 Ra8 39. g4 fxg4 40. Bxg4 Re8 41. Be6+ Kg7 42. Qc2 Nxd5 43. Bxd5 Qxd5 44. Qc3+ Kf7 45. f5 Qxb7 46. fxg6+ hxg6 47. Qd4 Qf3 48. Qf4+ Qxf4+ 0-1


[Site "https://www.chess.com"]

[Event "Titled Tuesday Blitz May 16 Early 2023"]
[White "Mohammed, Zozek Salah Mohammed"]
[Black "cristianserban1"]
[WhiteFideId "4803361"]
[WhiteElo "2211"]
[BlackElo "2519"]
[Result "0-1"]
[Round "07"]
[TimeControl "180+2"]
[Date "2023.05.16"]
[WhiteClock "0:00:13"]
[BlackClock "0:00:08"]

1. d4 d5 2. Nf3 e6 3. g3 Nd7 4. Bg2 Nb6 5. O-O Nf6 6. Nbd2 c5 7. c3 Be7 8. Ne5 O-O 9. e4 cxd4 10. cxd4 dxe4 11. Nxe4 Nbd5 12. Nc3 h6 13. h3 Re8 14. Kh2 Bf8 15. Bd2 b6 16. Nxd5 Nxd5 17. Qf3 Qe7 18. Qg4 Kh8 19. Qh5 g6 20. Qg4 Bb7 21. Rad1 Bg7 22. a3 h5 23. Qf3 Kg8 24. Qb3 Red8 25. h4 Rac8 26. Rfe1 Rc7 27. Bg5 Bf6 28. Bd2 Rdc8 29. Rc1 Qd6 30. Rxc7 Rxc7 31. f4 Ne7 32. Bxb7 Rxb7 33. Qf3 Rc7 34. Bc3 Nd5 35. Qd3 Kg7 36. Re2 Nxc3 37. bxc3 Qxa3 38. Rc2 a5 39. Nf3 Qd6 40. Nd2 a4 41. Ne4 Qd5 42. Nxf6 Kxf6 43. c4 Qf5 44. Qc3 b5 45. d5+ Ke7 46. Qb4+ Ke8 47. Qxb5+ Kf8 48. Qxa4 exd5 49. c5 d4 50. c6 d3 51. Qb4+ Kg8 52. Qb8+ Rc8 53. Rb2 Rxb8 54. Rxb8+ Kg7 55. c7 d2 56. c8=Q Qxc8 57. Rxc8 d1=Q 58. Rc3 Qd2+ 59. Kh3 Qxc3 60. f5 gxf5 61. Kh2 Qf3 62. g4 Qxg4 63. Kh1 f4 0-1


[Site "https://www.chess.com"]

[Event "Titled Tuesday Blitz May 16 Early 2023"]
[White "Chabris, Christopher"]
[Black "Santos Flores, Alberto"]
[WhiteFideId "2005263"]
[BlackFideId "3601234"]
[WhiteElo "2385"]
[BlackElo "2235"]
[Result "0-1"]
[Round "07"]
[TimeControl "180+2"]
[Date "2023.05.16"]
[WhiteClock "0:00:00"]
[BlackClock "0:00:09"]

1. e4 e6 2. d4 d5 3. Nc3 Nf6 4. e5 Nfd7 5. f4 c5 6. Nf3 Nc6 7. Be3 Qb6 8. Na4 Qa5+ 9. c3 b6 10. a3 c4 11. Be2 Ba6 12. b4 cxb3 13. Bxa6 Qxa6 14. Qxb3 Na5 15. Qc2 Rc8 16. Kf2 Be7 17. h4 f6 18. h5 Nc4 19. Nb2 Nxb2 20. Qxb2 fxe5 21. fxe5 O-O 22. Kg3 Qd3 23. Rae1 Qxc3 24. Qb5 Nb8 25. Bf4 Qc6 26. Qd3 Qe8 27. Rc1 Qf7 28. Be3 Qf5 29. Qd2 Nc6 30. Rcf1 Na5 31. Ng5 Qxf1 32. Rxf1 Rxf1 33. Nxe6 Nc4 34. Qe2 Nxe3 35. Qxe3 Rfc1 36. Kh2 h6 37. Qf3 R1c6 38. Qxd5 Kh8 39. Nf4 Bg5 40. Ng6+ Kh7 41. Qf7 R6c7 42. Nf8+ Kh8 43. Ng6+ Kh7 44. Qf5 Kg8 45. e6 Rd8 46. d5 Rc5 47. Qf7+ Kh7 48. e7 Bxe7 49. Nxe7 Rc7 0-1


[Site "https://www.chess.com"]

[Event "Titled Tuesday Blitz May 16 Early 2023"]
[White "Bethke, Richard"]
[Black "Goncalves, Davi Sulzbacher"]
[WhiteFideId "12959243"]
[BlackFideId "2154510"]
[WhiteElo "2369"]
[BlackElo "2182"]
[Result "0-1"]
[Round "07"]
[TimeControl "180+2"]
[Date "2023.05.16"]
[WhiteClock "0:00:00"]
[BlackClock "0:00:48"]

1. e4 c5 2. Nf3 Nc6 3. d4 cxd4 4. Nxd4 Nf6 5. Nc3 e5 6. Ndb5 d6 7. Bg5 a6 8. Bxf6 gxf6 9. Na3 f5 10. Bd3 fxe4 11. Bxe4 Be6 12. Nd5 Bg7 13. Nc4 O-O 14. Nxd6 f5 15. Bf3 e4 16. Be2 Nd4 17. Nf4 Qxd6 18. Nh5 Rad8 19. O-O Qe5 20. Qe1 Nxc2 21. Qc1 Nxa1 22. Qxa1 f4 23. g4 f3 24. Bd1 Bxg4 25. Ng3 e3 26. Bb3+ Kh8 27. Kh1 e2 28. Rg1 Bh3 29. Qe1 Qf4 0-1


[Site "https://www.chess.com"]

[Event "Titled Tuesday Blitz May 16 Early 2023"]
[White "Goltseva, Ekaterina"]
[Black "Bogaudinov, Rushan"]
[WhiteFideId "24173770"]
[BlackFideId "4129288"]
[WhiteElo "2114"]
[BlackElo "1941"]
[Result "0-1"]
[Round "07"]
[TimeControl "180+2"]
[Date "2023.05.16"]
[WhiteClock "0:00:03"]
[BlackClock "0:00:28"]

1. d4 d5 2. c4 dxc4 3. Nf3 e6 4. e3 Nf6 5. Bxc4 Be7 6. O-O a6 7. b3 b5 8. Bd3 Bb7 9. Bb2 O-O 10. Qe2 c5 11. Rd1 Qb6 12. dxc5 Bxc5 13. Ng5 Nbd7 14. Nc3 h6 15. Nge4 Be7 16. Rac1 Rac8 17. Bb1 Rfd8 18. h3 b4 19. Na4 Qa5 20. Nd6 Rxc1 21. Bxc1 Bc6 22. Nc4 Qc7 23. Nab2 Nc5 24. f3 Nd5 25. Qc2 g6 26. e4 Nc3 27. Rxd8+ Bxd8 28. Bxh6 Qg3 29. Bd2 Bc7 30. Bxc3 Qh2+ 31. Kf2 Bg3+ 32. Ke3 bxc3 33. Nd1 e5 34. Nxc3 Qg1+ 35. Ke2 Qxg2+ 36. Kd1 Qf1+ 37. Kd2 Qe1# 0-1


[Site "https://www.chess.com"]

[Event "Titled Tuesday Blitz May 16 Early 2023"]
[White "Tomiello, Mateus Costamilan"]
[Black "Fan_Of_Chucky"]
[WhiteFideId "22701958"]
[WhiteElo "1990"]
[BlackElo "2373"]
[Result "0-1"]
[Round "07"]
[TimeControl "180+2"]
[Date "2023.05.16"]
[WhiteClock "0:00:14"]
[BlackClock "0:00:16"]

1. e4 c5 2. Nf3 Nc6 3. Bb5 g6 4. O-O Bg7 5. Bxc6 bxc6 6. d3 e5 7. Nc3 d6 8. Be3 Ne7 9. a3 O-O 10. b4 cxb4 11. axb4 Qc7 12. Qd2 f5 13. Bh6 f4 14. Bxg7 Kxg7 15. d4 Bg4 16. Ne1 f3 17. h3 fxg2 18. Kxg2 Be6 19. f4 Qd7 20. Rf3 Rxf4 21. Rxf4 Bxh3+ 22. Kh2 exf4 23. Qxf4 Rf8 24. Qh4 Bg4 25. Nd3 Rf3 26. Kg2 Rh3 27. Qg5 Bf3+ 28. Kf2 h6 29. Qf4 Bg4 30. Kg2 Bf3+ 31. Kf2 Bg4 32. Kg2 g5 33. Qc1 Bf3+ 34. Kf2 Rh2+ 35. Ke3 d5 36. Ne5 dxe4 37. Nxe4 Nd5+ 38. Kxf3 Qf5+ 39. Kg3 Qh3# 0-1


[Site "https://www.chess.com"]

[Event "Titled Tuesday Blitz May 16 Early 2023"]
[White "Bilan, Danila"]
[Black "Szente Varga, Fruzsina"]
[WhiteFideId "24161918"]
[BlackFideId "712264"]
[WhiteElo "2182"]
[BlackElo "1994"]
[Result "1-0"]
[Round "07"]
[TimeControl "180+2"]
[Date "2023.05.16"]
[WhiteClock "0:00:04"]
[BlackClock "0:00:10"]

1. d4 Nf6 2. Nf3 g6 3. Bg5 Bg7 4. c3 d5 5. Nbd2 O-O 6. e3 c6 7. Bd3 Nbd7 8. O-O h6 9. Bh4 Re8 10. e4 dxe4 11. Nxe4 Nxe4 12. Bxe4 Nf6 13. Bc2 Bg4 14. h3 Be6 15. Re1 Qb6 16. Rxe6 fxe6 17. Bxg6 Red8 18. Ne5 Qxb2 19. Bf7+ Kf8 20. Rc1 c5 21. Bxe6 Bh8 22. Rc2 Qb6 23. Bc4 cxd4 24. Ng6+ Kg7 25. Nxe7 dxc3 26. Qf3 Rf8 27. Qg3+ Ng4 28. Qxg4+ Kh7 29. Bd3+ 1-0


[Site "https://www.chess.com"]